 Dungeon Crawl Stone Soup version 0.29-a0-341-g24ffce5b50 (webtiles) character file.

Game seed: 10929092343727757509

66 thiscave3701365 the Chopper (level 3, -3/51 HPs)
             Began as a Minotaur Berserker on Apr 20, 2022.
             Was a Believer of Trog.
             Slain by a gnoll
             ... wielding a +0 flail
              (6 damage)
             ... on level 3 of the Dungeon.
             The game lasted 00:02:03 (1907 turns).

thiscave3701365 the Chopper (Minotaur Berserker)    Turns: 1907, Time: 00:02:04

Health: -3/51      AC:  6    Str: 23    XL:     3   Next: 96%
Magic:  2/2        EV:  8    Int:  4    God:    Trog [**....]
Gold:   135        SH:  6    Dex:  9    Spells: 2/2 levels left

rFire   . . .      SeeInvis .   g - +0 war axe
rCold   . . .      Faith    .   n - +0 kite shield
rNeg    . . .      Spirit   .   d - +0 scale mail
rPois   .          Reflect  .   (helmet restricted)
rElec   .          Harm     .   (no cloak)
rCorr   .          Rampage  .   (no gloves)
Will    .....                   (no boots)
Stlth   ..........              (no amulet)
HPRegen 0.17/turn               (no ring)
MPRegen 0.08/turn               (no ring)

@: berserking (expiring), very quick
A: horns 2, retaliatory headbutt
a: Renounce Religion, Berserk, Trog's Hand


You were on level 3 of the Dungeon.
You worshipped Trog.
Trog was pleased with you.
You visited 1 branch of the dungeon, and saw 3 of its levels.

You collected 135 gold pieces.

Inventory:

Hand Weapons
 a - a +0 hand axe
 g - a +0 war axe (weapon)
Armour
 d - a +0 scale mail (worn)
 n - a +0 kite shield (worn)
Scrolls
 b - a scroll of teleportation {unknown}
 c - 4 scrolls of identify {unknown}
 e - a scroll of amnesia {unknown}
 f - 2 scrolls of noise {unknown}
 l - a scroll of blinking {unknown}
 m - a scroll of torment {unknown}
Potions
 h - 2 potions of curing {unknown}
 i - a potion of might {unknown}
 j - a potion of cancellation {unknown}
 k - a potion of brilliance {unknown}


   Skills:
 + Level 4.3 Fighting
 + Level 4.3 Axes
 + Level 3.3 Armour
 + Level 2.9 Dodging


You had 2 spell levels left.
You didn't know any spells.
Your spell library was empty.

Dungeon Overview and Level Annotations

Branches:
Dungeon (3/15)

Altars:


Innate Abilities, Weirdness & Mutations

You have a pair of horns on your head.
You reflexively headbutt those who attack you in melee.


Message History

The gnoll is almost dead.
You closely miss the gnoll. The gnoll hits you with a +0 flail!
The gnoll hits you from afar with a +0 spear.
The gnoll hits you with a +0 flail.
Unknown command.
You are too injured to fight recklessly!
You are too injured to fight recklessly!
Unknown command.
You are too injured to fight recklessly!
You are too injured to fight recklessly!
A red film seems to cover your vision as you go berserk!
You feel yourself moving faster!
You feel mighty! The gnoll hits you with a +0 flail.
The gnoll barely misses you. The gnoll hits you with a +0 flail.
* * * LOW HITPOINT WARNING * * *
You barely miss the gnoll.
The gnoll is almost dead.
You hit the gnoll. The gnoll completely misses you.
The gnoll hits you from afar with a +0 spear.
* * * LOW HITPOINT WARNING * * *
The gnoll barely misses you. You block the gnoll's attack.
You barely miss the gnoll.
The gnoll is almost dead.
You hit the kobold.
You kill the kobold!
Trog accepts your kill.
You closely miss the gnoll.
The gnoll hits you from afar with a +0 spear.
* * * LOW HITPOINT WARNING * * *
The gnoll hits you but does no damage.
You slash the gnoll!
You kill the gnoll!
Trog accepts your kill.
You closely miss the gnoll. The gnoll closely misses you.
The gnoll hits you from afar with a +0 spear.
* * * LOW HITPOINT WARNING * * *
You closely miss the gnoll.
The gnoll is heavily wounded.
The gnoll hits you with a +0 flail.
You die...

≈≈≈###. #
.≈≈.... .#
..≈≈... $
....≈.. .#
≈≈..≈..###.#
..≈≈...#.).#
⌠.....)..#
≈≈...g)g.#
..≈....#@###
..≈..gh#...#
≈≈.....#.#.#
.......#...#
.......#.###
≈≈≈###.#.#
≈≈# ###.###
#...# ###.#


You could see 2 gnolls.

Vanquished Creatures
  A gnoll (D:3)
  2 adders (D:2)
  A worm (D:2)
  2 ball pythons
  3 bats
  8 endoplasms
  A giant cockroach (D:1)
  2 goblins
  2 hobgoblins (D:1)
  5 kobolds
  3 frilled lizards
  3 rats (D:1)
33 creatures vanquished.

Notes
Turn   | Place    | Note
-------+----------+-------------------------------------------
     0 | D:1      | thiscave3701365 the Minotaur Berserker began the quest for
                  | the Orb.
     0 | D:1      | Reached XP level 1. HP: 19/19 MP: 0/0
   272 | D:1      | Reached XP level 2. HP: 22/27 MP: 1/1
   790 | D:1      | Found a faded altar of an unknown god.
  1281 | D:2      | Reached XP level 3. HP: 29/33 MP: 2/2
  1512 | D:2      | Reached ** piety under Trog
  1907 | D:3      | Slain by a gnoll

Illustrated notes

Levels and vault maps discovered:
D:1:      onia_arrival_mini_spirals, layout_basic, basic_ecumenical_altar,
          minmay_cut_off
D:2:      layout_loops_cross, kennysheep_generic_room_4
D:3:      cheibrodos_helix_gallery, layout_basic

Skill      XL: |  1  2 |
---------------+-------+-----
Axes           | 4 |  4.3
Fighting       | 4 |  4.3
Armour         | 3 |  3.3
Dodging        | |  2.9

Action                   || total
-------------------------++-------
Melee: Hand axe          ||    35
       War axe           ||    33
       Headbutt          ||     7
       Punch             ||     1
Invok: Berserk           ||     1
Armor: Scale mail        ||    21
       Animal skin       ||     4
Dodge: Dodged            ||    43
Block: Kite shield       ||     2

Table legend: (Time is in decaauts)
 A = Elapsed time spent in this place.
 B = Non-inter-level travel time spent in this place.
 C = Inter-level travel time spent in this place.
 D = Time resting spent in this place.
 E = Time spent auto-exploring this place.
 F = Levels seen in this place.
 G = Mean time per level.
                   A        B        C        D        E       F      G
               +--------+--------+--------+--------+--------+-----+--------+
         Total |   1918 |   1840 |     78 |    183 |   1409 |   3 |  639.3 |
       Dungeon |   1918 |   1840 |     78 |    183 |   1409 |   3 |  639.3 |
               +--------+--------+--------+--------+--------+-----+--------+

Top non-repeatable levels by time:
     D:1: 1010 daAuts
     D:2: 742 daAuts
     D:3: 166 daAuts
